Description

Terran - Elite build order (marines and marauders) I use to learn

Replay - TREPY_TRENING

Build Order

Get SALT Encoding   

  12  0:00  SCV  
  13  0:13  SCV  
  14  0:19  Supply Depot  
  14  0:25  SCV  
  15  0:41  SCV  
  16  0:45  Barracks  
  16  0:47  Refinery  
  16  0:53  SCV  
  17  1:05  SCV, Barracks  
  18  1:17  SCV  
  19  1:32  Marine  
  20  1:33  Orbital Command  
  20  1:41  Barracks  
  20  1:49  Marine x2  
  22  1:59  Supply Depot  
  22  2:01  SCV  
  22  2:08  Barracks Tech Lab x2  
  23  2:20  SCV  
  24  2:26  Marine x2  
  24  2:27  Stimpack  
  24  2:29  Concussive Shells, Marine  
  27  2:36  Supply Depot  
  27  2:43  Marine x2  
  28  2:47  SCV, Marine  
  31  3:02  Marauder  
  31  3:03  Marine  
  36  3:05  Marauder  
  36  3:06  Supply Depot  
  36  3:23  Combat Shield  
  39  3:31  Supply Depot  
  43  3:41  Marauder  
  43  3:45  Marauder  
  43  3:47  Refinery  
  45  4:04  Marauder x2  
  48  4:26  Marauder  
  50  4:36  Command Center  
  52  4:47  Marauder  
  54  4:58  Factory  
  54  5:03  Engineering Bay  
  54  5:20  Engineering Bay  
  54  5:21  Barracks Reactor  
  56  5:29  Terran Infantry Weapons Level 1  
  56  5:43  Marauder x2  
  56  5:46  Terran Infantry Armor Level 1  
  66  6:23  Factory Tech Lab  
  66  6:29  Missile Turret  
  68  6:36  Missile Turret  
  68  6:39  Command Center  
  69  6:43  Orbital Command  
  69  6:49  Siege Tank  
  73  7:07  Barracks  
  75  7:21  Hellion  
  79  7:30  Starport  
  79  7:43  Hellion  
  83  7:51  Armory  
  85  8:04  Hellion  
  89  8:09  Starport Reactor  
  90  8:13  Orbital Command  
  91  8:20  Missile Turret x2  
  91  8:25  Siege Tank  
  101  8:45  Medivac  
  104  8:50  Medivac  
  112  8:57  Siege Tank  
  116  9:03  Refinery x2  
  119  9:19  Refinery x2  
  119  9:30  Widow Mine  
  124  9:44  Armory  
  127  9:46  Missile Turret  
  127  9:52  Siege Tank  
  129  10:04  Command Center  
  130  10:09  Missile Turret  
Spawning Tool Build Advisor. Get it on Overwolf

Go to:

Details

  • Created by: Wetkin
  • Published on: Dec 02, 2021
  • Modified on: Dec 02, 2021
  • Patch: 4.11.0
  • Difficulty: Medium
Show
View Real Time Build Order
Export as new Build Order

Comments (0)

There are no comments. Be the first!

Create an account to comment!